 Dungeon Crawl Stone Soup version 0.21-a0-221-gfe971b9 (webtiles) character file.

15008 tidbits the Martial Artist (level 11, -2/92 HPs)
             Began as a Demigod Transmuter on Aug 27, 2017.
             Slain by a seven-headed hydra (14 damage)
             ... on level 2 of the Lair of Beasts.
             The game lasted 01:04:46 (6371 turns).

tidbits the Martial Artist (Demigod Transmuter)     Turns: 6371, Time: 01:04:47

Health: -2/92      AC: 14    Str: 13    XL:     11   Next: 64%
Magic:  21/24      EV: 17    Int: 23    God:
Gold:   219        SH:  0    Dex: 20    Spells: 5/22 levels left

rFire    . . .     SeeInvis .   e - staff of energy {!a}
rCold    + . .     Gourm    .   (no shield)
rNeg     . . .     Faith    .   B - +1 robe {MR+}
rPois    .         Spirit   .   E - +2 helmet
rElec    .         Reflect  .   C - +0 cloak
rCorr    .         Harm     .   G - +0 pair of gloves
MR       ++...                  F - +0 pair of boots "Mapav" {rC+ Dex+4}
Stlth    ++........             R - amulet of regeneration
HPRegen  0.25/turn              W - ring of wizardry
MPRegen  0.19/turn              U - +5 ring of protection

@: no status effects
A: high mp 1
a: no special abilities


You were on level 2 of the Lair of Beasts.
You were not hungry.

You visited 2 branches of the dungeon, and saw 14 of its levels.
You also visited: Labyrinth.

You collected 549 gold pieces.
You spent 330 gold pieces at shops.

Inventory:

Hand Weapons
 b - a +0 hunting sling
 s - a +0 scythe
Missiles
 g - 119 stones (quivered)
 l - 6 javelins
 Q - 56 arrows
Armour
 u - a +1 leather armour of poison resistance
   (You found it on level 3 of the Dungeon)
 B - a +1 robe of magic resistance (worn)
   (You took it off Jessica on level 3 of the Dungeon)
 C - a +0 cloak (worn)
 E - a +2 helmet (worn)
 F - the +0 pair of boots "Mapav" (worn) {rC+ Dex+4}
   (You found it on level 10 of the Dungeon)

   It affects your dexterity (+4).
   It protects you from cold.
 G - a +0 pair of gloves (worn)
Magical Staves
 e - an uncursed staff of energy (weapon) {!a}
   (You found it in a labyrinth)
Jewellery
 a - the ring of Kuentig {rC++ rN+ Stlth-}
   (You found it on level 1 of the Lair of Beasts)

   [ring of positive energy]

   It greatly protects you from cold.
   It protects you from negative energy.
   It makes you less stealthy.
 y - a +5 amulet of reflection
   (You took it off a minotaur in a labyrinth)
 H - an uncursed ring of protection from magic
   (You found it on level 3 of the Dungeon)
 K - an uncursed ring of resist corrosion
   (You found it on level 2 of the Lair of Beasts)
 P - an uncursed ring of protection from cold
   (You found it in a labyrinth)
 R - an amulet of regeneration (around neck)
   (You bought it in a shop on level 5 of the Dungeon)
 U - a +5 ring of protection (right hand)
   (You found it on level 6 of the Dungeon)
 W - a ring of wizardry (left hand)
   (You found it on level 8 of the Dungeon)
Wands
 n - a wand of iceblast (1/15)
 o - a wand of disintegration (12/24)
 p - a wand of lightning (3/15)
 w - a wand of confusion (21/48)
 D - a wand of paralysis (14/24)
 J - a wand of iceblast (5/15)
Scrolls
 f - 2 scrolls of noise {unknown}
 h - a scroll of fog
 k - 2 scrolls of amnesia {unknown}
 r - 3 scrolls of remove curse
 t - 5 scrolls of teleportation
 O - 2 scrolls of recharging {unknown}
 T - a scroll of blinking
Potions
 i - a potion of agility
 j - a potion of cancellation
 q - 4 potions of flight
 v - a potion of lignification
 x - 3 potions of resistance
 z - 2 potions of heal wounds
 A - a potion of magic {unknown}
 I - 2 potions of berserk rage
 V - 4 potions of curing
 X - 3 potions of brilliance
Books
 c - a book of Changes

   Spells                             Type                      Level
   a - Beastly Appendage              Transmutation                1
   b - Sticks to Snakes               Transmutation                2
   c - Spider Form                    Transmutation/Poison         3
   d - Ice Form                       Ice/Transmutation            4
   e - Blade Hands                    Transmutation                5
 m - a book of Minor Magic
   (You found it on level 6 of the Dungeon)

   Spells                             Type                      Level
   a - Magic Dart                     Conjuration                  1
   b - Blink                          Translocation                2
   c - Call Imp                       Summoning                    2
   d - Slow                           Hexes                        2
   e - Conjure Flame                  Conjuration/Fire             3
   f - Mephitic Cloud                 Conjuration/Poison/Air       3
Comestibles
 d - 2 bread rations
 N - 5 fruits


   Skills:
 + Level 7.0 Fighting
 + Level 6.2 Dodging
 * Level 11.3 Unarmed Combat
 - Level 6.4 Spellcasting
 - Level 3.0 Translocations
 - Level 8.0 Transmutations


You had 5 spell levels left.
You knew the following spells:

 Your Spells              Type           Power        Failure   Level  Hunger
b - Blink                 Tloc           N/A          1%          2    None
e - Beastly Appendage     Tmut           #####.       1%          1    None
h - Blade Hands           Tmut           #####.....   3%          5    None
i - Ice Form              Ice/Tmut       ####....     6%          4    None
k - Sticks to Snakes      Tmut           #####...     1%          2    None
p - Spider Form           Tmut/Pois      ####......   1%          3    None


Dungeon Overview and Level Annotations

Branches:
Dungeon (12/15)            Temple (0/1) D:7            Lair (2/6) D:9
  Swamp: Lair:2-4    Shoals: Lair:2-4     Snake: Lair:2-4    Spider: Lair:2-4
    Orc: D:9-12

Shops:
D:5 =

Annotations:
D:4 1 runed door
D:9 Psyche
Lair:2 exclusion: 3 oklob plants


Innate Abilities, Weirdness & Mutations

You have an increased reservoir of magic. (+10% MP)


Message History

Your adder bites the oklob plant but does no damage.
Your water moccasin bites the oklob plant but does no damage.
Your ball python bites the oklob plant but does no damage.
Your ball python grabs the oklob plant.
Your ball python constricts the oklob plant.
Your adder bites the oklob plant but does no damage.
The oklob plant spits acid at you. The splash of acid misses your adder.
The splash of acid hits your adder.
Your adder is splashed with acid.
Your adder dies!
You see here a death yak corpse.
Unknown command.
Your water moccasin bites the oklob plant.
The oklob plant is poisoned.
Your water moccasin poisons the oklob plant!
Your ball python bites the oklob plant but does no damage.
Your ball python constricts the oklob plant.
Your adder bites the oklob plant but does no damage.
The oklob plant spits acid at you.
The splash of acid hits your water moccasin.
Your water moccasin is splashed with acid.
The acid corrodes your water moccasin! The oklob plant spits acid at you.
The splash of acid hits your adder.
Your adder is splashed with acid.
The acid corrodes your adder!
Your adder dies!
Unknown command.
Your water moccasin bites the oklob plant but does no damage.
Your ball python bites the oklob plant.
Your ball python constricts the oklob plant.
Your water moccasin bites the oklob plant but does no damage.
Unknown command.
What are your orders? t - Shout!
Orders for allies: a - Attack new target. r - Retreat! s - Stop attacking. g - Guard the area. f - Follow me.
Anything else - Cancel.
Gang up on whom?
Press: ? - help, Dir - move target cursor, f - oklob plant
Aim: an oklob plant (lightly damaged, constricted by your ball python, poisoned) Attack!
Your ball python bites the oklob plant but does no damage.
Your ball python constricts the oklob plant.
Your water moccasin bites the oklob plant but does no damage.
The oklob plant spits acid at you.
The splash of acid hits your water moccasin.
Your water moccasin is splashed with acid.
The acid corrodes your water moccasin!
Your water moccasin dies!
Your ball python bites the oklob plant.
Your ball python constricts the oklob plant.
Your ball python loses its grip on something.
As you read the scroll labeled YTINUERECO, it crumbles to dust.
You feel as if something is helping you.
It was a scroll of remove curse.
Adjust (i)tems, (s)pells, or (a)bilities?
Adjust which item? (? for menu, Esc to quit)
l - 3 scrolls of remove curse Adjust to which letter? (? for menu, Esc to quit)
r - 3 scrolls of remove curse;
l - 6 javelins Put on which piece of jewellery? (? for menu, Esc to quit)
You're wearing all the rings you can.
Remove which one? (? for menu, Esc to cancel) < or
K - a ring of resist corrosion; > or
U - a +5 ring of protection You remove your ring of resist corrosion.
W - a ring of wizardry (left scythe-like blade)
Your hands revert to their normal proportions.
Your uncursed staff of energy {!a} unmelds from your body.
Your +0 pair of gloves unmelds from your body.
Put on which piece of jewellery? (? for menu, Esc to quit)
You remove your +5 amulet of reflection.
You sense that the amulet cannot attune itself to your injured body.
R - an amulet of regeneration (around neck)
Your ball python withers and dies!
Found a stone staircase leading down.
You see here a glowing quarterstaff.
You are no longer corroded.
The seven-headed hydra barely misses you.
The seven-headed hydra bites you!
* * * LOW HITPOINT WARNING * * *
The seven-headed hydra bites you but does no damage.
The seven-headed hydra bites you!
* * * LOW HITPOINT WARNING * * *
The seven-headed hydra bites you.
* * * LOW HITPOINT WARNING * * *
The seven-headed hydra bites you.
* * * LOW HITPOINT WARNING * * *
The seven-headed hydra misses you.
Unknown command.
You see here a glowing quarterstaff.
Casting: Sticks to Snakes
Confirm with . or Enter, or press ? or * to list all spells.
You blink.
The seven-headed hydra bites you but does no damage.
The seven-headed hydra misses you. The seven-headed hydra bites you.
* * * LOW HITPOINT WARNING * * *
The seven-headed hydra closely misses you.
The seven-headed hydra bites you!
You die...

### ####.....#..#.....#.
##...#..^#...##.#..#
##.......##.####.../#
##P.P.#P#....# #P...P.
#####P...####.##. ........ ####
.........<.#..# # ..# ....P##..Y
...........>#.# ##.# ..........
..............####..##...#.###..#
...............D@)......>. #†##
§≈§...........§#P#####...P #Y#
§≈§≈........#.#### ...


.YY §≈§≈.≈........# . ..... .≈§§§≈......#.# ...... ≈≈[≈≈≈≈.......# ..###..
≈≈!.≈≈......### #.# .. ≈≈$≈≈.......# .. #. .≈≈≈.≈......## You could see a
seven-headed hydra.

Vanquished Creatures
  A minotaur (Lab)
  A hydra (D:11)
  The ghost of p0werm0de the Fighter, a novice DrWz of Xom (D:10)
  4 death yaks
  An unseen horror (D:11)
  A black mamba (Lair:1)
  Joseph (D:7)
  A gargoyle (D:11)
  A spiny frog (Lair:2)
  Grinder (D:3)
  7 blink frogs
  Prince Ribbit (D:8)
  3 hippogriffs
  Sigmund (D:3)
  A wraith (D:10)
  The ghost of p0werm0de the Skirmisher, an amateur DsFi (D:6)
  A hungry ghost (Lab)
  5 yaks
  Grum (D:9)
  4 water moccasins
  2 porcupines (D:9)
  An orc warrior (D:11)
  A necrophage (D:10)
  A sky beast (D:8)
  4 ogres
  A black bear (Lair:1)
  A phantom (D:10)
  2 wolves (D:9)
  4 crocodiles (Lair:1)
  A centaur (D:9)
  2 big kobolds
  2 bullfrogs
  An earth elemental (Lab)
  A water moccasin zombie (D:6)
  A scorpion (D:6)
  A water moccasin skeleton (D:6)
  9 killer bees
  2 howler monkeys
  2 wights (D:7)
  2 lava snakes (Lair:2)
  6 hounds
  Crazy Yiuf (D:7)
  2 orc priests
  7 orc wizards
  3 bullfrog skeletons
  Jessica (D:3)
  A hell rat (D:9)
  5 worker ants
  2 hound skeletons
  2 worker ant zombies
  8 adders
  A river rat (D:9)
  An ooze (D:4)
  4 adder skeletons
  3 adder zombies
  2 worms (D:2)
  3 dart slugs (D:2)
  3 leopard geckos
  17 orcs
  A ball python (D:2)
  4 giant cockroaches
  2 goblins (D:3)
  4 quokkas
  A bat (D:2)
  3 frilled lizards
  6 kobolds
  8 rats
  A plant (Lair:2)
181 creatures vanquished.

Vanquished Creatures (collateral kills)
  Pikel (D:9)
  An oklob plant (Lair:2)
  A spiny frog (Lair:1)
  A blink frog (Lair:1)
  A yak (Lair:2)
  2 water moccasins
  A porcupine (D:9)
  A slave (D:9)
  2 wolves (D:9)
  An ogre (D:4)
  A wight (D:6)
  An iguana (D:4)
  2 adders
  2 orcs
  A giant cockroach (D:3)
  A frilled lizard (D:3)
  A rat (D:3)
21 creatures vanquished.

Vanquished Creatures (others)
  A leopard gecko (D:9)
1 creature vanquished.

Grand Total: 203 creatures vanquished

Notes
Turn   | Place    | Note
-------+----------+-------------------------------------------
     0 | D:1      | tidbits the Demigod Transmuter began the quest for the Orb.
     0 | D:1      | Reached XP level 1. HP: 15/15 MP: 5/5
    57 | D:2      | Reached skill level 2 in Spellcasting
   103 | D:2      | Reached skill level 2 in Transmutations
   212 | D:3      | Found a sacrificial altar of Ru.
   319 | D:3      | Reached XP level 2. HP: 13/22 MP: 7/7
   323 | D:3      | Learned a level 2 spell: Sticks to Snakes
   342 | D:3      | Found a deep blue altar of Sif Muna.
   407 | D:4      | Found a glowing silver altar of Zin.
   407 | D:4      | Found a runed door.
   407 | D:4      | Noticed an angel
   505 | D:3      | Noticed Grinder
   587 | D:2      | Reached skill level 3 in Transmutations
   629 | D:2      | Reached XP level 3. HP: 15/27 MP: 6/8
   811 | D:3      | Reached skill level 3 in Unarmed Combat
   817 | D:3      | Learned a level 3 spell: Spider Form
   836 | D:3      | Paralysed by Grinder for 5 turns
   853 | D:3      | Killed Grinder
   853 | D:3      | Reached skill level 5 in Unarmed Combat
   853 | D:3      | Reached XP level 4. HP: 34/34 MP: 9/9
   853 | D:3      | Reached XP level 5. HP: 39/39 MP: 10/10
   962 | D:4      | Noticed an ogre
  1005 | D:3      | Reached XP level 6. HP: 26/46 MP: 6/11
  1049 | D:3      | Noticed Sigmund
  1064 | D:3      | Killed Sigmund
  1064 | D:3      | Reached skill level 2 in Fighting
  1064 | D:3      | Reached skill level 6 in Unarmed Combat
  1186 | D:3      | Noticed Jessica
  1207 | D:3      | Killed Jessica
  1360 | D:4      | Reached XP level 7. HP: 56/56 MP: 4/13
  1429 | D:4      | Reached skill level 3 in Fighting
  1597 | D:4      | Reached skill level 7 in Unarmed Combat
  1630 | D:5      | Entered Level 5 of the Dungeon
  1826 | D:6      | Learned a level 2 spell: Blink
  1941 | D:6      | Reached skill level 1 in Translocations
  2028 | D:7      | Noticed a hippogriff
  2057 | D:7      | Killed a hippogriff
  2057 | D:7      | Reached skill level 3 in Spellcasting
  2057 | D:7      | Reached skill level 2 in Translocations
  2057 | D:7      | Reached skill level 4 in Transmutations
  2057 | D:7      | Reached XP level 8. HP: 44/64 MP: 1/15
  2135 | D:7      | Found a staircase to the Ecumenical Temple.
  2233 | D:6      | Noticed p0werm0de's ghost (amateur DsFi)
  2261 | D:5      | Reached skill level 3 in Translocations
  2268 | D:5      | Learned a level 5 spell: Blade Hands
  2289 | D:5      | Found Ompuyc's Jewellery Shop.
  2403 | D:5      | Reached skill level 5 in Transmutations
  2706 | D:6      | Killed p0werm0de's ghost
  2706 | D:6      | Reached skill level 6 in Transmutations
  3016 | D:7      | Found a runed door.
  3023 | D:7      | Noticed Crazy Yiuf
  3027 | D:7      | Killed Crazy Yiuf
  3073 | D:7      | Noticed Joseph
  3097 | D:7      | Killed Joseph
  3097 | D:7      | Reached skill level 7 in Transmutations
  3097 | D:7      | Reached XP level 9. HP: 67/70 MP: 9/17
  3315 | D:8      | Noticed Prince Ribbit
  3325 | D:8      | Killed Prince Ribbit
  3341 | D:8      | Reached skill level 8 in Transmutations
  3456 | D:9      | Noticed Grum
  3464 | D:9      | Reached skill level 2 in Dodging
  3468 | D:9      | Reached skill level 8 in Unarmed Combat
  3510 | D:9      | Killed Grum
  3510 | D:9      | Reached skill level 4 in Fighting
  3621 | D:9      | Noticed a death yak
  3660 | D:9      | Killed a death yak
  3660 | D:9      | Reached skill level 4 in Spellcasting
  3686 | D:9      | Found a staircase to the Lair.
  3690 | D:9      | Noticed a death yak
  3690 | D:9      | Noticed a death yak
  3723 | D:9      | Reached skill level 5 in Spellcasting
  3777 | D:9      | Noticed Psyche
  3813 | D:8      | Found a stormy altar of Qazlal.
  3951 | D:7      | Reached XP level 10. HP: 57/78 MP: 14/22
  4136 | D:10     | Entered Level 10 of the Dungeon
  4139 | D:10     | Noticed p0werm0de's ghost (novice DrWz)
  4154 | D:10     | Killed p0werm0de's ghost
  4154 | D:10     | Reached skill level 6 in Spellcasting
  4173 | D:10     | Got a pair of crude boots
  4179 | D:10     | Identified the cursed +0 pair of boots "Mapav" {rC+ Dex+4} (You found it on level 10 of the Dungeon)
  4398 | D:11     | Reached skill level 3 in Dodging
  4414 | D:11     | Killed an unseen horror
  4414 | D:11     | Reached skill level 9 in Unarmed Combat
  4466 | D:11     | Noticed a four-headed hydra
  4508 | D:11     | Killed a four-headed hydra
  4508 | D:11     | Reached skill level 5 in Fighting
  4511 | D:11     | Noticed a two-headed ogre
  4580 | D:10     | Reached skill level 4 in Dodging
  4660 | D:9      | Noticed Pikel
  4676 | D:9      | Killed Pikel
  4806 | D:5      | Bought an uncursed amulet of regeneration for 330 gold pieces
  4914 | D:9      | Killed a death yak
  4923 | D:9      | Killed a death yak
  4937 | Lair:1   | Entered Level 1 of the Lair of Beasts
  4985 | Lair:1   | Reached skill level 10 in Unarmed Combat
  4985 | Lair:1   | Reached XP level 11. HP: 89/89 MP: 18/24
  4993 | Lair:1   | Found a labyrinth entrance.
  4998 | Lair:1   | Got a slimy amber ring
  5005 | Lair:1   | Identified the ring of Kuentig {rC++ rN+ Stlth-} (You found it on level 1 of the Lair of Beasts)
  5021 | Lab      | Entered a labyrinth
  5544 | Lab      | Noticed a minotaur
  5552 | Lab      | Killed a minotaur
  5552 | Lab      | Reached skill level 5 in Dodging
  5577 | Lab      | Learned a level 4 spell: Ice Form
  5590 | Lair:1   | Reached skill level 6 in Fighting
  6095 | Lair:2   | Reached skill level 11 in Unarmed Combat
  6197 | Lair:2   | Noticed a seven-headed hydra
  6203 | Lair:2   | Reached skill level 6 in Dodging
  6315 | Lair:2   | Noticed a death yak
  6326 | Lair:2   | Killed a death yak
  6337 | Lair:2   | Reached skill level 7 in Fighting
  6371 | Lair:2   | Slain by a seven-headed hydra

Vault maps used:
D:1:      nicolae_arrival_washed_ashore, minmay_split_cup_large
D:2:      first_bread
D:3:      marbit_many_paths, nicolae_ru_the_path_less_chosen, uniq_sigmund,
          uniq_grinder, uniq_jessica
D:4:      kennysheep_small_spiral, lemuel_angel_altar
D:5:      serial_shops, shop
D:6:      st_stairs_13
D:7:      minmay_temple_entry_glass, uniq_crazy_yiuf_cottage, uniq_joseph
D:8:      basic_altar, uniq_prince_ribbit1
D:9:      dpeg_lair_monsters, david_orc_5, serial_column_ruins,
          column_ruins_hut, column_ruins_grid_3, column_ruins_open_small,
          column_ruins_corridor_straight, column_ruins_corridor_straight,
          column_ruins_columns_water, uniq_psyche, uniq_pikel, uniq_grum
D:10:     cheibrodos_elevator_heist
Lair:1:   lab_entry_generic, st_stairs_6, grunt_megastairs_5,
          serial_bayou_shore_b
Lair:2:   dragon1_lemuel, nicolae_swamp_entry_splash_gauntlet, disabler_island,
          minmay_lair_oklob_chamber, serial_bayou_shore_a
Lab:      labyrinth_mini_lab, labyrinth_skeletal_remains, nicolae_lab_arrow

Skill      XL: |  1  2  3  4  5  6  7  8  9 10 11 |
---------------+----------------------------------+-----
Spellcasting   | 2 3 5 6 |  6.4
Transmutations | 2 3 4 7 8 |  8.0
Unarmed Combat | 5 6 7 8 10 11 | 11.3
Fighting       | 2 3 4 5 7 |  7.0
Translocations | 2 3 |  3.0
Dodging        | 2 4 6 |  6.2

Action                   |  1- 3 |  4- 6 |  7- 9 | 10-12 || total
-------------------------+-------+-------+-------+-------++-------
Melee: Short sword       |    38 |       |       |       ||    38
       Headbutt          |     4 |       |       |       ||     4
       Kick              |     5 |       |     2 |       ||     7
       Unarmed           |     8 |    63 |   303 |   194 ||   568
       Punch             |       |       |     2 |    13 ||    15
 Fire: Hunting sling     |    49 |       |       |       ||    49
Throw: Stone             |     6 |       |       |       ||     6
 Cast: Beastly Appendage |     9 |       |     3 |       ||    12
       Sticks to Snakes  |     3 |     9 |    27 |    27 ||    66
       Spider Form       |       |    10 |    41 |       ||    51
       Blade Hands       |       |       |     3 |    24 ||    27
       Blink             |       |       |       |     3 ||     3
       Ice Form          |       |       |       |     2 ||     2
 Abil: End Transformatio |       |       |     1 |     3 ||     4
Evoke: Wand              |       |       |     1 |    14 ||    15
  Use: Potion            |     4 |       |     5 |     1 ||    10
       Scroll            |       |     2 |     6 |    14 ||    22
 Stab: Sleeping          |       |       |     2 |       ||     2
       Invisible         |       |       |     7 |       ||     7
       Distracted        |       |       |     1 |     4 ||     5
  Eat: Chunk             |       |     4 |    12 |     6 ||    22
       Fruit             |       |       |     2 |     2 ||     4
       Meat ration       |       |       |     1 |       ||     1
Armor: Robe              |     2 |       |    17 |    44 ||    63
       Leather armour    |     4 |     2 |       |       ||     6
       Skin              |     6 |     1 |    51 |       ||    58
Dodge: Dodged            |    30 |    54 |   219 |    92 ||   395
Block: Other             |       |       |       |    11 ||    11

Table legend:
 A = Spawn XP
 B = Non-spawn XP
 C = Spawn XP percentage of total XP
 D = Spawn monster count
 E = Non-spawn monster count
 F = Spawn count percentage of total count
 G = Total turns spent on level
                    A         B        C        D         E        F      G
               +---------+---------+-------+---------+---------+-------+---------
         Total |     387 |   21054 |   1.8 |      10 |     190 |   5.0 |  6371
               +---------+---------+-------+---------+---------+-------+---------
           D:2 |       0 |      36 |   0.0 |       0 |      15 |   0.0 |   389
           D:3 |       0 |     663 |   0.0 |       0 |      20 |   0.0 |   655
           D:4 |      21 |     439 |   4.6 |       4 |      16 |  20.0 |   548
           D:5 |       1 |     189 |   0.5 |       1 |       7 |  12.5 |   428
           D:6 |      10 |    1095 |   0.9 |       2 |      22 |   8.3 |   821
           D:7 |       0 |    1309 |   0.0 |       0 |      23 |   0.0 |   586
           D:8 |       0 |     926 |   0.0 |       0 |      14 |   0.0 |   475
           D:9 |       3 |    4321 |   0.1 |       1 |      20 |   4.8 |   481
          D:10 |     352 |    1026 |  25.5 |       2 |       4 |  33.3 |   298
          D:11 |       0 |    2449 |   0.0 |       0 |      13 |   0.0 |   216
        Lair:1 |       0 |    3934 |   0.0 |       0 |      20 |   0.0 |   573
        Lair:2 |       0 |    3325 |   0.0 |       0 |      13 |   0.0 |   303
           Lab |       0 |    1342 |   0.0 |       0 |       3 |   0.0 |   558
               +---------+---------+-------+---------+---------+-------+---------

Table legend:
 A = Turns spent in this place as a percentage of turns spent in the entire game.
 B = Non-inter-level travel turns spent in this place as a percentage of non-inter-level travel turns spent in the entire game.
 C = Inter-level travel turns spent in this place as a percentage of turns spent in this place.
 D = Turns resting spent in this place as a percentage of non-inter-level travel turns spent in this place.
 E = Turns spent auto-exploring this place as a percentage of non-inter-level travel turns spent in this place.
 F = Non-inter-level travel turns spent in this place divided by the number of levels of this place that you've seen.
                   A       B       C       D       E      F
               +-------+-------+-------+-------+-------+----------------------
         Total | 100.0 | 100.0 |   5.7 |   0.0 |   0.0 | 400.4
       Dungeon |  77.5 |  76.1 |   7.4 |   0.0 |   0.0 | 381.0
          Lair |  13.7 |  14.6 |   0.0 |   0.0 |   0.0 | 438.0
     Labyrinth |   8.8 |   9.3 |   0.0 |   0.0 |   0.0 | 558.0
               +-------+-------+-------+-------+-------+----------------------

Table legend:
 A = Kills in this place as a percentage of kills in entire the game.
 B = Kills by you in this place as a percentage of kills by you in the entire game.
 C = Kills by friends in this place as a percentage of kills by friends in the entire game.
 D = Other kills in this place as a percentage of other kills in the entire game.
 E = Experience gained in this place as a percentage of experience gained in the entire game.
 F = Experience gained in this place divided by the number of levels of this place that you have seen.
                   A       B       C       D       E      F
               +-------+-------+-------+-------+-------+----------------------
         Total | 100.0 | 100.0 | 100.0 | 100.0 | 100.0 | 1429.4
       Dungeon |  82.0 |  83.2 |  70.0 | 100.0 |  59.9 | 1070.0
          Lair |  16.5 |  15.1 |  30.0 |   0.0 |  33.9 | 3629.5
     Labyrinth |   1.5 |   1.7 |   0.0 |   0.0 |   6.3 | 1342.0
               +-------+-------+-------+-------+-------+----------------------

Vault maps used:
D:1:      nicolae_arrival_washed_ashore, minmay_split_cup_large
D:2:      first_bread
D:3:      marbit_many_paths, nicolae_ru_the_path_less_chosen, uniq_sigmund,
          uniq_grinder, uniq_jessica
D:4:      kennysheep_small_spiral, lemuel_angel_altar
D:5:      serial_shops, shop
D:6:      st_stairs_13
D:7:      minmay_temple_entry_glass, uniq_crazy_yiuf_cottage, uniq_joseph
D:8:      basic_altar, uniq_prince_ribbit1
D:9:      dpeg_lair_monsters, david_orc_5, serial_column_ruins,
          column_ruins_hut, column_ruins_grid_3, column_ruins_open_small,
          column_ruins_corridor_straight, column_ruins_corridor_straight,
          column_ruins_columns_water, uniq_psyche, uniq_pikel, uniq_grum
D:10:     cheibrodos_elevator_heist
Lair:1:   lab_entry_generic, st_stairs_6, grunt_megastairs_5,
          serial_bayou_shore_b
Lair:2:   dragon1_lemuel, nicolae_swamp_entry_splash_gauntlet, disabler_island,
          minmay_lair_oklob_chamber, serial_bayou_shore_a
Lab:      labyrinth_mini_lab, labyrinth_skeletal_remains, nicolae_lab_arrow
